 Dungeon Crawl Stone Soup version 0.29-a0-330-g52719c12eb (webtiles) character file.

Game seed: 13747394252730619211

456 Anon1729 the Ducker (level 7, -11/55 HPs)
             Began as a Merfolk Monk on May 21, 2022.
             Was a Priest of Okawaru.
             Mangled by Blork the orc
             ... wielding a +2 vorpal flail
              (13 damage)
             ... on level 4 of the Dungeon.
             The game lasted 00:04:04 (4241 turns).

Anon1729 the Ducker (Merfolk Monk)                  Turns: 4241, Time: 00:04:05

Health: -11/55     AC:  7    Str: 11    XL:     7   Next: 6%
Magic:  7/9        EV: 18    Int: 10    God:    Okawaru [***...]
Gold:   166        SH:  0    Dex: 24    Spells: 6/6 levels left

rFire   . . .      SeeInvis .   a - +0 falchion
rCold   . . .      Faith    .   (no shield)
rNeg    . . .      Spirit   .   r - +0 ring mail
rPois   .          Reflect  .   (no helmet)
rElec   .          Harm     .   j - +0 cloak
rCorr   .          Rampage  .   (no gloves)
Will    .....                   (no boots)
Stlth   ++++......              (no amulet)
HPRegen 0.18/turn               k - ring of wizardry
MPRegen 0.11/turn               p - +6 ring of dexterity

@: heroic
A: (nimble swimmer 2), mertail
a: Renounce Religion, Heroism


You were on level 4 of the Dungeon.
You worshipped Okawaru.
Okawaru was most pleased with you.
You visited 1 branch of the dungeon, and saw 4 of its levels.

You collected 166 gold pieces.

Inventory:

Hand Weapons
 a - a +0 falchion (weapon)
Missiles
 t - a throwing net (quivered)
Armour
 b - a +0 robe
 j - a +0 cloak (worn)
 l - a +0 scale mail
 r - a +0 ring mail (worn)
Jewellery
 k - a ring of wizardry (left hand)
 p - a +6 ring of dexterity (right hand)
Scrolls
 d - 4 scrolls of identify {unknown}
 f - 3 scrolls of fog {unknown}
 g - 2 scrolls of vulnerability {unknown}
 m - a scroll of immolation {unknown}
 o - a scroll of fear {unknown}
 s - a scroll of summoning {unknown}
Potions
 c - a potion of ambrosia
 e - a potion of brilliance
 h - a potion of berserk rage {unknown}
 i - a potion of curing {unknown}
 n - a potion of resistance {unknown}
 q - a potion of degeneration {unknown}
 u - a potion of cancellation {unknown}
 v - a potion of mutation {unknown}


   Skills:
 + Level 4.7(9.7) Fighting
 + Level 5.2(10.2) Long Blades
 + Level 5.6(10.6) Dodging
 + Level 4.2(9.2) Stealth
 * Level 3.6 Invocations


You had 6 spell levels left.
You didn't know any spells.
Your spell library contained the following spells:

 Spells                   Type           Power      Damage    Failure   Level
 Sublimation of Blood     Necr           0%         N/A       43%         2
 Wereblood                Tmut           0%         N/A       43%         2
 Portal Projectile        Hex/Tloc       0%         N/A       65%         3
 Blade Hands              Tmut           0%         N/A       100%        5
 Excruciating Wounds      Necr           0%         N/A       100%        5
 Summon Hydra             Summ           Unusable   N/A       N/A         7

Dungeon Overview and Level Annotations

Branches:
Dungeon (4/15)
 Temple: D:4-7

Altars:
Ashenzari
Okawaru

Shops:
D:2 (

Annotations:
D:4 Blork the orc


Innate Abilities, Weirdness & Mutations

((You are very nimble when in or above water. (Stealth+, EV+, Speed+++)))
Your lower body shifts to a powerful aquatic tail in water.


Message History

Blork the orc is moderately wounded.
Blork the orc hits you with a +2 vorpal flail!
You hit Blork the orc.
Blork the orc is moderately wounded.
Blork the orc barely misses you.
Blork the orc hits you with a +2 vorpal flail!
You slash Blork the orc!
Blork the orc is severely wounded.
Blork the orc misses you.
You hit Blork the orc.
Blork the orc is severely wounded.
Blork the orc hits you with a +2 vorpal flail.
Blork the orc casts a spell at you. The puff of frost hits you!
* * * LOW HITPOINT WARNING * * *
You are too injured to fight recklessly!
You are too injured to fight recklessly!
You are too injured to fight recklessly!
You are too injured to fight recklessly!
You are too injured to fight recklessly!
You are too injured to fight recklessly!
You aren't carrying any items that you can evoke.
Okay, then.
Okay, then.
You gain the combat prowess of a mighty hero.
Blork the orc hits you with a +2 vorpal flail.
* * * LOW HITPOINT WARNING * * *
x2 You closely miss Blork the orc.
Blork the orc is severely wounded.
Blork the orc hits you with a +2 vorpal flail.
* * * LOW HITPOINT WARNING * * *
x2
Okay, then.
Unknown command.
Unknown command.
Unknown command.
You hit Blork the orc.
Blork the orc is almost dead.
Blork the orc barely misses you.
Blork the orc hits you with a +2 vorpal flail!
You die...

#........# # #........# #
#........# # #........# ########
# #........#####......# #
#............+......+ #
#######)########......#### #
......).........o......>. #
#######.########@......# # ###
#.# #...#.......# # ..#
#.####...#.......# #.#
#........'.......#
#.#####.####...#.......#
..........##...#.......##########
..#####.#.##...#######.#.........
........#.############.#.........
........#.# ....................


You could see Blork the orc (fast).

Vanquished Creatures
  Eustachio (D:3)
  A scorpion (D:4)
  A hound (D:4)
  An orc priest (D:4)
  An iguana (D:4)
  An orc wizard (D:4)
  5 adders
  4 dart slugs
  14 orcs
  5 bats
  6 endoplasms
  4 giant cockroaches
  7 goblins
  5 hobgoblins
  8 jackals
  3 kobolds
  5 quokkas
  2 ball pythons
  2 frilled lizards (D:1)
  5 rats
81 creatures vanquished.

Notes
Turn   | Place    | Note
-------+----------+-------------------------------------------
     0 | D:1      | Anon1729 the Merfolk Monk began the quest for the Orb.
     0 | D:1      | Reached XP level 1. HP: 18/18 MP: 1/1
   146 | D:1      | Reached XP level 2. HP: 24/24 MP: 2/2
   994 | D:1      | Reached XP level 3. HP: 27/29 MP: 3/3
  1010 | D:1      | Found a faded altar of an unknown god.
  1030 | D:1      | Prayed at the altar of an unknown god.
  1030 | D:1      | Became a worshipper of Warmaster Okawaru
  1030 | D:1      | Reached * piety under Okawaru
  1030 | D:1      | Reached ** piety under Okawaru
  1293 | D:2      | Found Peujoham's Weapon Shoppe.
  1558 | D:2      | Found a broken altar of Ashenzari.
  1729 | D:2      | Reached XP level 4. HP: 22/37 MP: 4/4
  1735 | D:2      | Reached skill level 1 in Invocations
  2508 | D:3      | Reached *** piety under Okawaru
  2800 | D:4      | Noticed Eustachio
  2898 | D:3      | Killed Eustachio
  2899 | D:3      | Reached skill level 5 in Dodging
  2899 | D:3      | Reached XP level 5. HP: 24/43 MP: 5/7
  2899 | D:3      | Reached XP level 6. HP: 27/49 MP: 5/8
  3452 | D:4      | Reached skill level 5 in Long Blades
  4155 | D:4      | Reached XP level 7. HP: 44/55 MP: 9/9
  4227 | D:4      | Noticed Blork the orc
  4240 | D:4      | HP: 2/55 [Blork the orc/+2 vorpal flail (1)]
  4241 | D:4      | Mangled by Blork the orc

Illustrated notes

Levels and vault maps discovered:
D:1:      erik_arrival_triangle_medium, layout_rooms,
          hellmonk_ecumenical_altar_dog_temple,
          nicolae_concentric_dashed_squares_mild, minivault_25
D:2:      layout_rooms, basic_altar, serial_shops,
          nicolae_shop_bloodbath_and_beyond
D:3:      layout_rooms
D:4:      layout_basic, uniq_robin, uniq_eustachio, uniq_blork_the_orc,
          uniq_menkaure

Skill      XL: |  1  2  3  4  5  6 |
---------------+-------------------+-----
Long Blades    | 4 5 |  5.2
Stealth        | 3 4 |  4.2
Invocations    | 2 3 |  3.6
Fighting       | 4 |  4.7
Dodging        | 5 |  5.6

Action                   |  1- 3 |  4- 6 |  7- 9 || total
-------------------------+-------+-------+-------++-------
Melee: Falchion          |   131 |   229 |    10 ||   370
       Punch             |       |     2 |       ||     2
Invok: Heroism           |       |       |     1 ||     1
  Use: Potion            |       |     3 |       ||     3
 Stab: Sleeping          |     6 |     4 |       ||    10
Armor: Robe              |    28 |     3 |       ||    31
       Scale mail        |       |    96 |       ||    96
       Ring mail         |       |     7 |     1 ||     8
Dodge: Dodged            |   118 |   185 |     7 ||   310

Table legend: (Time is in decaauts)
 A = Elapsed time spent in this place.
 B = Non-inter-level travel time spent in this place.
 C = Inter-level travel time spent in this place.
 D = Time resting spent in this place.
 E = Time spent auto-exploring this place.
 F = Levels seen in this place.
 G = Mean time per level.
                   A        B        C        D        E       F      G
               +--------+--------+--------+--------+--------+-----+--------+
         Total |   4269 |   4228 |     41 |    350 |   3088 |   4 | 1067.2 |
       Dungeon |   4269 |   4228 |     41 |    350 |   3088 |   4 | 1067.2 |
               +--------+--------+--------+--------+--------+-----+--------+

Top non-repeatable levels by time:
     D:1: 1259 daAuts
     D:3: 1082 daAuts
     D:4: 993 daAuts
     D:2: 934 daAuts
